 Dungeon Crawl Stone Soup version 0.31-a0-845-g9abc20d24f (webtiles) character file.

Game seed: 5196336021371567307

408 javelincjr the Changeling (level 6, -16/42 HPs)
             Began as an Octopode Shapeshifter on Oct 2, 2023.
             Demolished by an ogre
             ... wielding a +0 giant spiked club
              (28 damage)
             ... on level 5 of the Dungeon.
             The game lasted 00:10:41 (3043 turns).

javelincjr the Changeling (Octopode Shapeshifter)   Turns: 3043, Time: 00:10:41

Health: -16/42     AC:  1    Str: 15    XL:     6   Next: 88%
Magic:  6/6        EV: 14    Int: 12    God:
Gold:   165        SH:  0    Dex: 12    Spells: 5/5 levels left

rFire   . .          .
                       - Unarmed
rCold   . . .        (no shield)
rNeg    . . .        (helmet currently unavailable)
rPois   .            (no amulet)
rElec   .            (no ring)
rCorr   .            (no ring)
SInv    .            (no ring)
Will    .....        (no ring)
Stlth   ++           (no ring)
HPRegen 0.27/turn    (no ring)
MPRegen 0.10/turn    (no ring)
                     (no ring)

%: no passive effects
@: beast-form
A: beast (slay +2), almost no armour, amphibious, 8 rings, camouflage 1,
gelatinous body 1, (nimble swimmer 1), tentacles
a: Begin Untransformation


You were on level 5 of the Dungeon.
You were a hulking beast.
You visited 1 branch of the dungeon, and saw 5 of its levels.

You collected 253 gold pieces.
You spent 88 gold pieces at shops.

Inventory:

Missiles
 e - 2 poisoned darts
 p - 3 boomerangs (quivered)
 r - 4 curare-tipped darts
Magical Staves
 h - a staff of conjuration
Talismans
 b - a beast talisman (active)
 c - a flux talisman
 i - a maw talisman
Scrolls
 f - 2 scrolls of identify {unknown}
 k - a scroll of blinking {unknown}
 m - a scroll of fear {unknown}
 s - 2 scrolls of enchant armour {unknown}
 t - a scroll of revelation {unknown}
Potions
 a - a potion of lignification
 d - a potion of ambrosia {unknown}
 g - a potion of enlightenment {unknown}
 j - 2 potions of degeneration {unknown}
 l - a potion of heal wounds
 n - a potion of mutation {unknown}
 o - 2 potions of curing
 q - a potion of invisibility {unknown}


   Skills:
 + Level 3.1 Fighting
 + Level 3.6 Dodging
 + Level 4.3 Unarmed Combat
 * Level 4.8 Shapeshifting


You had 5 spell levels left.
You didn't know any spells.
Your spell library contained the following spells:

 Spells                   Type           Power      Damage    Failure   Level
 Cigotuvi's Dreadful Rot  Necr/Pois/Air  0%         N/A       45%         2
 Poisonous Vapours        Pois/Air       0%         N/A       45%         2
 Dazzling Flash           Conj/Hex       0%         N/A       69%         3
 Ignite Poison            Fire/Tmut/Pois 0%         N/A       69%         3
 Mephitic Cloud           Conj/Pois/Air  0%         N/A       69%         3
 Volatile Blastmotes      Fire/Tloc      0%         2d10      69%         3
 Freezing Cloud           Conj/Ice/Air   0%         6-21      100%        5
 Starburst                Conj/Fire      0%         6d3       100%        6
 Maxwell's Capacitive Co  Air            0%         ∞         100%        8


Dungeon Overview and Level Annotations

Branches:
Dungeon (5/15)
 Temple: D:4-7

Altars:
Cheibriados
Dithmenos
Elyvilon
Yredelemnul
Zin
The Shining One

Shops:
D:3 !

Annotations:
D:4 2 transporters, Loveship's ghost, amateur MfSh


Innate Abilities, Weirdness & Mutations

You are a hulking beast.
Your limbs bulge with bestial killing power. (Slay +2)
You cannot wear most types of armour.
You are amphibious.
You can wear up to eight rings at the same time.
Your skin changes colour to match your surroundings (Stealth+).
Your rubbery body absorbs attacks. (AC +1, EV +1)
((You are camouflaged when in or above water. (Stealth+)))
You have tentacles for arms and can constrict up to eight enemies at once.


Message History

The shadow imp barely misses you.
You barely miss the centaur.
The ogre shouts!
You squeeze the centaur.
The centaur is severely wounded.
You feel sick.
You are no longer poisoned.
The centaur hits you.
* * * LOW HITPOINT WARNING * * *
The centaur kicks you.
* * * LOW HITPOINT WARNING * * *
The shadow imp misses you. The centaur hits you.
* * * LOW HITPOINT WARNING * * *
The centaur closely misses you.
You feel much better. The centaur hits you. The centaur kicks you.
The centaur wields a +0 orcbow.
The centaur shoots an arrow.
The arrow closely misses you.
The shadow imp attacks as it pursues you!
The shadow imp hits you.
You closely miss the shadow imp. Your grab misses the shadow imp.
You squeeze the shadow imp!
You kill the shadow imp!
The centaur shoots an arrow.
The arrow closely misses you.
The centaur shoots an arrow.
The arrow hits you!
* * * LOW HITPOINT WARNING * * *
The centaur unwields a +0 orcbow.
The centaur misses you. The centaur closely misses you.
You barely miss the centaur. You squeeze the centaur!
You kill the centaur!
Your Fighting skill increases to level 3!
You tentacle-slap the ogre. Your squeeze misses the ogre.
The ogre is lightly wounded.
The ogre completely misses you.
You tentacle-slap the ogre.
The ogre is moderately wounded.
A scorpion comes into view.
The ogre hits you with a +0 giant spiked club!!
Ouch! That really hurt!
You die...

#. #. ## .. .# #.
.#.## ### # .. ..$.
..#.#
#.###..#######..#)##
#.#....s.#...........
.......O##.###.#..#
........h......<..#
##########†.....###
.........>..#
##.###......#
.........#
##......?..
#......#### .........
.........#


You could see an ogre and a scorpion.

Vanquished Creatures
  A centaur (D:5)
  2 scorpions (D:5)
  An iron imp (D:3)
  An iguana (D:4)
  A gnoll (D:1)
  3 adders
  A shadow imp (D:5)
  An ufetubus (D:4)
  3 worms
  A dart slug (D:2)
  3 orcs
  11 ball pythons
  8 bats
  5 endoplasms
  4 giant cockroaches
  3 hobgoblins
  11 jackals
  11 kobolds
  8 quokkas
  4 frilled lizards
  2 goblins
  6 rats
91 creatures vanquished.

Vanquished Creatures (others)
  A frilled lizard (D:1)
  A rat (D:1)
2 creatures vanquished.

Grand Total: 93 creatures vanquished

Notes
Turn   | Place    | Note
-------+----------+-------------------------------------------
     0 | D:1      | javelincjr the Octopode Shapeshifter began the quest for
                  | the Orb.
     0 | D:1      | Reached XP level 1. HP: 13/13 MP: 1/1
    33 | D:1      | Reached XP level 2. HP: 14/18 MP: 2/2
   265 | D:1      | Reached XP level 3. HP: 22/23 MP: 3/3
  1095 | D:2      | Reached XP level 4. HP: 26/29 MP: 4/4
  1660 | D:3      | Found a snail-covered altar of Cheibriados.
  1674 | D:3      | Reached XP level 5. HP: 20/34 MP: 5/5
  1752 | D:3      | Found Saergh's Distillery.
  1768 | D:3      | Bought a potion of heal wounds for 55 gold pieces
  1768 | D:3      | Bought a potion of curing for 33 gold pieces
  2070 | D:3      | Found a basalt altar of Yredelemnul.
  2344 | D:3      | Found a white marble altar of Elyvilon.
  2344 | D:3      | Found a shadowy altar of Dithmenos.
  2347 | D:3      | Found a glowing golden altar of the Shining One.
  2348 | D:3      | Found a glowing silver altar of Zin.
  2685 | D:4      | Found a transporter.
  2754 | D:4      | Found a transporter.
  2759 | D:4      | Noticed Loveship's ghost (amateur MfSh)
  2861 | D:5      | Entered Level 5 of the Dungeon
  2873 | D:5      | Reached XP level 6. HP: 15/41 MP: 6/6
  3043 | D:5      | Demolished by an ogre

Illustrated notes

Levels and vault maps discovered:
D:1:      dpeg_arrival_more_subterranean_lakeside_camping, layout_basic,
          grunt_decor_arrowhead, lemuel_flame_loot_1
D:2:      layout_basic, grunt_decor_mini_mirrors, st_stairs_9
D:3:      layout_basic, old_standard_altar, mainiacjoe_overflow_alcove_3,
          slow_altar_1, gup_sewer_entry_bubbles, serial_shops,
          nicolae_shop_hallway_plus, roderic_batcave, minmay_statues_item,
          minmay_quadrilaterals
D:4:      layout_rooms, gammafunk_ghost_mausoleum, minmay_distorted
D:5:      layout_basic, lemuel_tele_altar, uniq_menkaure

Skill      XL: |  1  2  3  4  5  6 |
---------------+-------------------+-----
Fighting       | 2 3 |  3.1
Shapeshifting  | 4 |  4.8
Dodging        | 3 |  3.6
Unarmed Combat | 4 |  4.3

Action                     |  1- 3 |  4- 6 || total
---------------------------+-------+-------++-------
  Melee: Unarmed           |    68 |   124 ||   192
         Tentacles         |     8 |    21 ||    29
         Constrict         |    22 |    25 ||    47
         Punch             |     1 |     4 ||     5
  Throw: Boomerang         |       |     5 ||     5
    Use: Potion            |       |     1 ||     1
   Stab: Sleeping          |     3 |    14 ||    17
 Armour: Skin              |    22 |    52 ||    74
  Dodge: Dodged            |    32 |    74 ||   106

Table legend: (Time is in decaauts)
 A = Elapsed time spent in this place.
 B = Non-inter-level travel time spent in this place.
 C = Inter-level travel time spent in this place.
 D = Time resting spent in this place.
 E = Time spent auto-exploring this place.
 F = Levels seen in this place.
 G = Mean time per level.
                   A        B        C        D        E       F      G
               +--------+--------+--------+--------+--------+-----+--------+
         Total |   3031 |   2953 |     78 |    163 |   2056 |   5 |  606.2 |
       Dungeon |   3031 |   2953 |     78 |    163 |   2056 |   5 |  606.2 |
               +--------+--------+--------+--------+--------+-----+--------+

Top non-repeatable levels by time:
     D:3: 937 daAuts
     D:1: 910 daAuts
     D:2: 581 daAuts
     D:4: 562 daAuts
     D:5: 41 daAuts
